 Dungeon Sprint DCSS version 0.21-a0-88-g13b9641 (webtiles) character file.

7297 Kidiri the Fighter (level 10, 0/85 HPs)
             Began as a Demonspawn Transmuter on June 27, 2017.
             Was the Champion of Wu Jian.
             Succumbed to a redback's poison
             ... in the Dungeon (Sprint III: "The Ten Rune Challenge").
             The game lasted 00:15:30 (2416 turns).

Kidiri the Fighter (Demonspawn Transmuter)          Turns: 2416, Time: 00:15:31

Health: 0/85       AC:  4    Str: 15    XL:     10   Next: 89%
Magic:  22/22      EV: 19    Int: 16    God:    Wu Jian [******]
Gold:   38         SH:  0    Dex: 16    Spells: 2/25 levels left

rFire    . . .     SeeInvis +     - Unarmed
rCold    + . .     Gourm    .   (no shield)
rNeg     . . .     Faith    .   b - +0 robe
rPois    .         Spirit   .   (no helmet)
rElec    .         Reflect  .   (no cloak)
rCorr    .         Harm     .   (no gloves)
MR       +....     Rnd*Rage +   (no boots) Stlth ++++......NoTele +
                                (no amulet)
HPRegen  0.24/turn              (no ring)
MPRegen  0.18/turn              (no ring)

@: mighty, lethally poisoned (0 -> -35)
A: talons 2, slimy green scales 1, see invisible, berserk 1, cold resistance 1,
magic resistance 1, powered by pain 1
a: Serpent's Lash, Heavenly Storm, Renounce Religion


You were in the Dungeon.
You worshipped Wu Jian.
Wu Jian was exalted by your worship.
You were not hungry.

You visited 1 branch You collected 38 gold pieces.

Inventory:

Missiles
 a - 72 arrows
Armour
 b - a +0 robe (worn)
Wands
 u - a wand of iceblast (5/15)
Scrolls
 j - a scroll of blinking
 k - a scroll of amnesia
 o - a scroll of immolation
 q - a scroll of remove curse {unknown}
 r - a scroll of magic mapping {unknown}
Potions
 g - a potion of haste
 h - 2 potions of magic
 i - a potion of berserk rage
 l - a potion of brilliance
 n - 3 potions of mutation
 t - 2 potions of flight
Books
 c - a book of Changes

   Spells                             Type                      Level
   a - Beastly Appendage              Transmutation                1
   b - Sticks to Snakes               Transmutation                2
   c - Spider Form                    Transmutation/Poison         3
   d - Ice Form                       Ice/Transmutation            4
   e - Blade Hands                    Transmutation                5
 f - a book of Misfortune

   Spells                             Type                      Level
   a - Confusing Touch                Hexes                        1
   b - Confuse                        Hexes                        3
   c - Gell's Gravitas                Translocation                3
   d - Petrify                        Transmutation/Earth          4
   e - Metabolic Englaciation         Hexes/Ice                    5
   f - Yara's Violent Unravelling     Hexes/Transmutation          5
Comestibles
 d - 2 bread rations
 m - 22 royal jellies


   Skills:
 * Level 10.2 Fighting
 + Level 6.4 Armour
 * Level 9.7 Dodging
 + Level 7.1 Stealth
 * Level 9.9 Unarmed Combat
 * Level 8.2 Spellcasting
 + Level 4.3 Hexes
 + Level 3.8 Translocations
 * Level 9.7 Transmutations
 + Level 5.5 Ice Magic
 + Level 6.7 Poison Magic


You had 2 spell levels left.
You knew the following spells:

 Your Spells              Type           Power        Failure   Level  Hunger
a - Beastly Appendage     Tmut           #####.       1%          1    None
b - Sticks to Snakes      Tmut           #####...     1%          2    None
c - Spider Form           Tmut/Pois      ####......   1%          3    #......
d - Ice Form              Ice/Tmut       ####....     4%          4    ###....
e - Blade Hands           Tmut           #####.....   5%          5    #####..
f - Confusing Touch       Hex            ###...       1%          1    None
g - Gell's Gravitas       Tloc           ###.......   7%          3    #......
h - Petrify               Tmut/Erth      ###.....     14%         4    ###....


Dungeon Overview and Level Annotations

Branches:
Dungeon (1/1)

Altars:
Cheibriados
Dithmenos
Elyvilon
Fedhas
Gozag
Hepliaklqana
Kikubaaqudgha
Makhleb
Nemelex Xobeh
Okawaru
Qazlal
Ru
Sif Muna
Trog
Uskayaw
Vehumet
Wu Jian
Xom
Yredelemnul
Zin
The Shining One
Beogh
Jiyva
Lugonu

Annotations:
D exclusion: 2 doors


Innate Abilities, Weirdness & Mutations

You have razor-sharp toenails.
You are partially covered in slimy green scales. (AC +2)
Your flesh is cold resistant. (rC+)
You sometimes gain a little power by taking damage.
You have supernaturally acute eyesight. (SInv)
You tend to lose your temper in combat.
You are resistant to hostile enchantments. (MR+)


Message History

You kill the redback!
The Council accepts your kill.
You feel very sick.
Unknown command.
Okay, then.
* * * LOW HITPOINT WARNING * * *
You feel very sick.
* * * LOW HITPOINT WARNING * * *
You feel very sick.
* * * LOW HITPOINT WARNING * * *
You feel very sick.
* * * LOW HITPOINT WARNING * * *
You feel very sick.
* * * LOW HITPOINT WARNING * * *
You feel very sick.
Your transformation has ended.
Your +0 robe unmelds from your body.
* * * LOW HITPOINT WARNING * * *
You feel very sick.
You die...

♣♣≈≈≈........≈≈≈...
+♣♣'♣≈≈≈≈≈≈≈≈≈≈≈≈♣♣P.
#.≈♣♣♣♣♣♣♣♣♣♣♣♣♣♣♣♣PP
#..♣♣ ♣♣♣ ###'♣ ♣♣
♣♣♣♣.##. ♣...##.
♣♣.##.# ♣..#@##
♣♣.##.# ♣♣.##.#
♣.....# #######


There were no monsters in sight!

Vanquished Creatures
  Erica (D)
  A centaur warrior (D)
  An unseen horror (D)
  A lindwurm (D)
  A deep elf mage (D)
  2 spiny frogs (D)
  A komodo dragon (D)
  A queen bee (D)
  2 tyrant leeches (D)
  3 wandering mushrooms (D)
  2 redbacks (D)
  A shadow (D)
  2 humans (D)
  A spatial vortex (D)
  A necrophage (D)
  2 centaurs (D)
  An earth elemental (D)
  A water elemental (D)
  32 killer bees (D)
  A jelly (D)
  A wizard (D)
  Jessica (D)
  A necromancer (D)
  A kobold demonologist (D)
  An ooze (D)
  A phantom (D)
  2 rats (D)
66 creatures vanquished.

Vanquished Creatures (collateral kills)
  A human (D)
1 creature vanquished.

Vanquished Creatures (others)
  2 draconian scorchers (D)
  6 hellions (D)
  2 yaktaurs (D)
  3 plants (D)
13 creatures vanquished.

Grand Total: 80 creatures vanquished

Notes
Turn   | Place    | Note
-------+----------+-------------------------------------------
     0 | D        | Kidiri the Demonspawn Transmuter began the quest for the Orb.
     0 | D        | Reached XP level 1. HP: 15/15 MP: 3/3
    18 | D        | Noticed Jessica
    24 | D        | Killed Jessica
    24 | D        | Reached skill level 2 in Fighting
    24 | D        | Reached skill level 1 in Armour
    24 | D        | Reached skill level 1 in Stealth
    24 | D        | Gained mutation: You are partially covered in slimy green scales. (AC +2) [demonic ancestry]
    24 | D        | Reached XP level 2. HP: 13/23 MP: 2/5
    24 | D        | Gained mutation: You sometimes gain a little power by taking damage. [demonic ancestry]
    24 | D        | Reached XP level 3. HP: 16/28 MP: 2/6
    38 | D        | Learned a level 2 spell: Sticks to Snakes
    68 | D        | Killed a yaktaur
    92 | D        | Killed a hellion
    93 | D        | Killed a hellion
   124 | D        | Killed a hellion
   127 | D        | Killed a hellion
   129 | D        | Killed a hellion
   181 | D        | Killed a white draconian scorcher
   194 | D        | Learned a level 3 spell: Spider Form
   194 | D        | Killed a white draconian scorcher
   205 | D        | Reached skill level 3 in Fighting
   214 | D        | Killed a hellion
   226 | D        | Gained mutation: Armour fits poorly on your strangely shaped body. [potion of mutation]
   226 | D        | Gained mutation: You are resistant to electric shocks. (rElec) [potion of mutation]
   227 | D        | Lost mutation: You are resistant to electric shocks. (rElec) [potion of mutation]
   227 | D        | Lost mutation: Armour fits poorly on your strangely shaped body. [potion of mutation]
   227 | D        | Gained mutation: You tend to lose your temper in combat. [potion of mutation]
   227 | D        | Gained mutation: You are resistant to hostile enchantments. (MR+) [potion of mutation]
   227 | D        | Gained mutation: You have supernaturally acute eyesight. (SInv) [potion of mutation]
   264 | D        | Noticed a water elemental
   278 | D        | Killed a water elemental
   278 | D        | Reached skill level 1 in Poison Magic
   278 | D        | Gained mutation: You have sharp toenails. [demonic ancestry]
   278 | D        | Reached XP level 4. HP: 36/36 MP: 8/8
   284 | D        | Found an ornate altar of the Wu Jian Council.
   284 | D        | Found a roughly hewn altar of Beogh.
   284 | D        | Found an iron altar of Okawaru.
   284 | D        | Found a bloodstained altar of Trog.
   284 | D        | Found a hide-covered altar of Uskayaw.
   284 | D        | Noticed a human
   284 | D        | Noticed a human
   287 | D        | Became a worshipper of the Wu Jian Council
   299 | D        | Killed a human
   299 | D        | Reached skill level 4 in Fighting
   299 | D        | Reached skill level 5 in Unarmed Combat
   299 | D        | Reached skill level 5 in Transmutations
   299 | D        | Reached XP level 5. HP: 27/43 MP: 7/10
   308 | D        | Killed a human
   308 | D        | Reached skill level 5 in Fighting
   308 | D        | Reached skill level 5 in Dodging
   308 | D        | Reached XP level 6. HP: 51/52 MP: 8/12
   401 | D        | Learned a level 4 spell: Ice Form
   409 | D        | Found a radiant altar of Vehumet.
   410 | D        | Found a deep blue altar of Sif Muna.
   410 | D        | Found an ancient bone altar of Kikubaaqudgha.
   413 | D        | Reached * piety under Wu Jian
   420 | D        | Noticed a sun demon
   517 | D        | Found a glowing silver altar of Zin.
   518 | D        | Found a glowing golden altar of the Shining One.
   518 | D        | Found a white marble altar of Elyvilon.
   518 | D        | Noticed a deep elf mage
   525 | D        | Killed a deep elf mage
   525 | D        | Reached skill level 6 in Fighting
   525 | D        | Reached XP level 7. HP: 39/59 MP: 10/14
   635 | D        | Learned a level 5 spell: Blade Hands
   636 | D        | Found a basalt altar of Yredelemnul.
   636 | D        | Found a shadowy altar of Dithmenos.
   636 | D        | Found a sacrificial altar of Ru.
   640 | D        | Reached ** piety under Wu Jian
   641 | D        | Reached skill level 7 in Fighting
   654 | D        | Noticed a shadow
   657 | D        | Killed a shadow
   657 | D        | Reached skill level 5 in Spellcasting
   657 | D        | Gained mutation: You have razor-sharp toenails. [demonic ancestry]
   657 | D        | Reached XP level 8. HP: 67/67 MP: 13/15
   665 | D        | Found a blossoming altar of Fedhas.
   665 | D        | Found a stormy altar of Qazlal.
   665 | D        | Found a snail-covered altar of Cheibriados.
   665 | D        | Found a burning altar of Makhleb.
   665 | D        | Found a shimmering altar of Xom.
   666 | D        | Found a hazy altar of Hepliaklqana.
   666 | D        | Found an opulent altar of Gozag.
   666 | D        | Found a sparkling altar of Nemelex Xobeh.
   666 | D        | Found a corrupted altar of Lugonu.
   666 | D        | Found a viscous altar of Jiyva.
   687 | D        | Reached *** piety under Wu Jian
   801 | D        | Noticed Erica
   809 | D        | Killed Erica
   809 | D        | Reached skill level 8 in Fighting
   809 | D        | Reached skill level 5 in Stealth
   850 | D        | Reached skill level 5 in Armour
   850 | D        | Reached skill level 5 in Poison Magic
   850 | D        | Gained mutation: Your flesh is cold resistant. (rC+) [demonic ancestry]
   850 | D        | Reached XP level 9. HP: 74/74 MP: 12/17
   865 | D        | Learned a level 1 spell: Confusing Touch
   869 | D        | Learned a level 3 spell: Gell's Gravitas
   884 | D        | Noticed a centaur warrior
   888 | D        | Killed a centaur warrior
   888 | D        | Reached **** piety under Wu Jian
   888 | D        | Reached skill level 1 in Hexes
   888 | D        | Reached skill level 1 in Translocations
   891 | D        | Killed a yaktaur
   960 | D        | Noticed an unseen horror
   963 | D        | Killed an unseen horror
   963 | D        | Reached skill level 9 in Fighting
   986 | D        | Noticed a queen bee
   992 | D        | Killed a queen bee
   998 | D        | Reached ***** piety under Wu Jian
  1018 | D        | Reached XP level 10. HP: 66/83 MP: 18/20
  1029 | D        | Reached ****** piety under Wu Jian
  1230 | D        | Learned a level 4 spell: Petrify
  1672 | D        | Reached skill level 5 in Ice Magic
  1755 | D        | Noticed a spiny frog
  1755 | D        | Noticed a spiny frog
  1762 | D        | Killed a spiny frog
  1768 | D        | Killed a spiny frog
  2075 | D        | Reached skill level 10 in Fighting
  2392 | D        | Noticed a lindwurm
  2404 | D        | Killed a lindwurm
  2415 | D        | HP: 3/85 [poisoned by a redback]
  2416 | D        | Succumbed to a redback's poison

Vault maps used:
D:        dungeon_sprint_mu

Skill      XL: |  1  2  3  4  5  6  7  8  9 10 |
---------------+-------------------------------+-----
Dodging        | 2 3 4 5 6 7 8 9 |  9.7
Unarmed Combat | 3 4 5 6 7 8 9 |  9.9
Transmutations | 3 4 5 6 7 8 9 |  9.7
Fighting       | 2 3 4 5 6 7 8 9 10 | 10.2
Armour         | 1 2 3 4 5 6 |  6.4
Stealth        | 1 2 3 4 5 6 7 |  7.1
Spellcasting   | 3 4 5 6 8 |  8.2
Poison Magic   | 1 2 3 4 5 6 |  6.7
Ice Magic      | 2 3 4 5 |  5.5
Hexes          | 2 4 |  4.3
Translocations | 2 3 |  3.8

Action                   |  1- 3 |  4- 6 |  7- 9 | 10-12 || total
-------------------------+-------+-------+-------+-------++-------
Melee: Unarmed           |    28 |    30 |    67 |   127 ||   252
       Kick              |     3 |       |    10 |     8 ||    21
       Headbutt          |     1 |       |       |       ||     1
       Punch             |     1 |       |       |     1 ||     2
 Cast: Beastly Appendage |     3 |       |       |       ||     3
       Spider Form       |     1 |     3 |     2 |     4 ||    10
       Sticks to Snakes  |     1 |       |       |       ||     1
       Ice Form          |       |       |     1 |       ||     1
       Blade Hands       |       |       |     5 |     4 ||     9
       Confusing Touch   |       |       |     2 |     1 ||     3
 Abil: End Transformatio |       |       |       |     1 ||     1
  Use: Potion            |     3 |       |       |     3 ||     6
       Scroll            |     3 |       |       |       ||     3
 Stab: Sleeping          |     1 |     1 |     1 |     2 ||     5
       Confused          |       |       |       |     2 ||     2
       Distracted        |       |       |       |     1 ||     1
  Eat: Chunk             |       |       |     3 |     3 ||     6
       Royal jelly       |       |       |       |     1 ||     1
       Fruit             |       |       |       |     1 ||     1
Armor: Robe              |     2 |       |       |     3 ||     5
       Skin              |       |     2 |       |       ||     2
Dodge: Dodged            |    16 |    42 |    47 |   137 ||   242
